[Event "Titled Tuesday Blitz February 01 A 2022"]
[White "Shirov, Alexei"]
[Black "Weetik, Vjacheslav"]
[WhiteFideId "2209390"]
[BlackFideId "4153472"]
[WhiteElo "2645"]
[BlackElo "2469"]
[Result "1-0"]
[Round "10"]
[TimeControl "180+1"]
[Date "2022.02.01"]
[WhiteClock "0:00:38"]
[BlackClock "0:00:15"]

1. e4 c6 2. Nf3 d5 3. d3 Bg4 4. h3 Bh5 5. Nc3 e6 6. g4 Bg6 7. Qe2 d4 8. Nd1 e5 9. c3 dxc3 10. bxc3 Nd7 11. Ne3 Ngf6 12. h4 h6 13. Bh3 Qc7 14. g5 Nh5 15. Nc4 f6 16. gxh6 gxh6 17. Rg1 Bf7 18. Be3 O-O-O 19. Nfd2 b5 20. Nb2 Kb8 21. a4 b4 22. cxb4 Bxb4 23. Kf1 a5 24. Nf3 Nc5 25. d4 Nxe4 26. dxe5 fxe5 27. Nc4 Bd5 28. Nfxe5 Nhf6 29. Bb6 Qe7 30. Bxd8 Rxd8 31. Qe3 Bc5 32. Rb1+ Ka8 33. Nb6+ Ka7 34. Nxd5 Rxd5 35. Nxc6+ Ka6 36. Qe2+ 1-0


[Site "https://www.chess.com"]

[Event "Titled Tuesday Blitz February 01 A 2022"]
[White "Shyaamnikhil P"]
[Black "Iskusnyh, Sergei"]
[WhiteFideId "5024218"]
[BlackFideId "4120027"]
[WhiteElo "2292"]
[BlackElo "2492"]
[Result "0-1"]
[Round "10"]
[TimeControl "180+1"]
[Date "2022.02.01"]
[WhiteClock "0:00:03"]
[BlackClock "0:00:13"]

1. d4 d5 2. Nf3 Nf6 3. e3 c5 4. c4 cxd4 5. exd4 g6 6. Nc3 Bg7 7. Qb3 O-O 8. cxd5 Nbd7 9. a4 Nb6 10. a5 Nbxd5 11. Bc4 Nxc3 12. bxc3 Ne4 13. a6 Nd6 14. Bd5 Rb8 15. Bf4 Qc7 16. axb7 Bxb7 17. O-O Ba8 18. Qa2 Qxc3 19. Rfc1 Qd3 20. Bxa8 Rxa8 21. Rc7 Nf5 22. Be5 Bxe5 23. dxe5 a5 24. h3 a4 25. Qa3 Qxa3 26. Rxa3 Rfb8 27. g4 Ng7 28. Nd4 Rb4 29. Nc6 Rb3 30. Rxb3 axb3 31. Rb7 Ne6 32. Rxb3 Kf8 33. Kg2 Nf4+ 34. Kg3 g5 35. h4 h6 36. hxg5 hxg5 37. Nd4 e6 38. Nf3 Ne2+ 39. Kh2 Ra2 40. Nxg5 Nd4 41. Rb8+ Kg7 42. Kg3 Ra3+ 43. f3 Rc3 44. Rb7 Kg6 45. Nxf7 Rxf3+ 46. Kh4 Rxf7 47. Rb4 Nf3+ 48. Kg3 Nxe5 49. Re4 Kf6 50. g5+ Kf5 51. Rh4 Ng6 52. Rg4 Ra7 0-1


[Site "https://www.chess.com"]

[Event "Titled Tuesday Blitz February 01 A 2022"]
[White "Svane, Frederik"]
[Black "Pranav, V"]
[WhiteFideId "12923044"]
[BlackFideId "25060783"]
[WhiteElo "2459"]
[BlackElo "2349"]
[Result "1/2-1/2"]
[Round "10"]
[TimeControl "180+1"]
[Date "2022.02.01"]
[WhiteClock "0:00:14"]
[BlackClock "0:00:19"]

1. b3 e5 2. Bb2 Nc6 3. e3 g6 4. Bb5 Bg7 5. Nf3 Nge7 6. O-O O-O 7. d4 e4 8. Nfd2 d5 9. c4 f5 10. cxd5 Nxd5 11. Nc3 Nce7 12. Rc1 c6 13. Bc4 Qd6 14. Ndb1 Be6 15. Ba3 Qd7 16. Nxd5 cxd5 17. Bb5 Qd8 18. f4 exf3 19. Qxf3 Rf7 20. Nc3 f4 21. Bxe7 Qxe7 22. Nxd5 Bxd5 23. Qxd5 Kh8 24. exf4 Rf5 25. Qd7 Qe3+ 26. Kh1 Rxf4 27. Rxf4 Qxc1+ 28. Rf1 Qg5 29. Qxb7 Rd8 30. Bc4 Bxd4 31. Rd1 Bb6 32. Rxd8+ Qxd8 33. Qf3 Kg7 34. g3 Qd4 35. Qf7+ Kh6 36. Qf8+ Qg7 37. Qf4+ g5 38. Qd6+ Qg6 39. Qxg6+ Kxg6 40. Kg2 h5 41. Kf3 h4 42. g4 Kf6 43. Ke4 Bg1 44. h3 Ke7 45. Kd5 Kd7 46. Ke4 Kc7 47. a4 a5 48. Kd5 Kb6 49. Bd3 Be3 50. Be4 Bf4 51. Kc4 Bd2 52. Kd5 Bf4 53. Kd4 Bd2 54. Kd3 Bf4 55. Kc4 Bd6 56. Bd5 Bf4 57. Be6 Bd2 58. Bf5 Bb4 59. Kd3 Be1 60. Be6 Bb4 61. Bc4 Be1 62. Ke3 Bb4 63. Kd4 Be1 64. Ke5 Bb4 65. Kf5 Bd2 66. Ke4 Kc5 67. Kd3 Bf4 68. Ke4 Kb4 69. Kd5 Bg3 70. Kc6 Bf4 71. Kb6 Bg3 72. Kc6 Bf4 73. Kb6 Bg3 74. Kc6 1/2-1/2


[Site "https://www.chess.com"]

[Event "Titled Tuesday Blitz February 01 A 2022"]
[White "Sviridov, Valery"]
[Black "Corrales Jimenez, Fidel"]
[WhiteFideId "4120680"]
[BlackFideId "3506690"]
[WhiteElo "2454"]
[BlackElo "2541"]
[Result "1-0"]
[Round "10"]
[TimeControl "180+1"]
[Date "2022.02.01"]
[WhiteClock "0:00:27"]
[BlackClock "0:00:08"]

1. Nf3 c5 2. c4 Nc6 3. g3 g6 4. Bg2 Bg7 5. Nc3 d6 6. O-O Bf5 7. b3 Qd7 8. Bb2 Bh3 9. e3 Bxg2 10. Kxg2 e6 11. Qe2 Nge7 12. Rad1 O-O 13. d4 cxd4 14. exd4 d5 15. Ne5 Qc7 16. cxd5 Nxd5 17. Nxd5 exd5 18. Rfe1 Rac8 19. Qf3 Qa5 20. a3 Nxe5 21. dxe5 Rc2 22. Re2 Rxe2 23. Qxe2 Rd8 24. Qe3 a6 25. a4 Qc7 26. Rd2 Qc6 27. Bd4 Rc8 28. Qf4 Qe6 29. Bb2 h5 30. Qf3 Rd8 31. Qe3 Kh7 32. Qd4 Rd7 33. h3 Qf5 34. Rd3 Qe6 35. Re3 Rc7 36. Rd3 Rc2 37. Ba1 Ra2 38. Bc3 Rc2 39. Rf3 Kg8 40. Qd1 Ra2 41. Re3 Qc6 42. Bd4 Rc2 43. Qd3 Ra2 44. e6 Bxd4 45. exf7+ Kxf7 46. Qxd4 Rc2 47. Rf3+ Kg8 48. Rf6 Qe8 49. Qxd5+ Kg7 50. Qd4 Kh7 51. Rd6 Rc7 52. Qd3 Qf7 53. a5 Re7 54. Qf3 Qg7 55. Rb6 Qf7 56. Qxf7+ Rxf7 57. f4 Kg7 58. Kf3 Rc7 59. Ke4 Kf7 60. g4 h4 61. b4 Rc3 62. Rxb7+ Kg8 63. Ke5 Rf3 64. b5 axb5 65. a6 Ra3 66. a7 b4 67. Rb8+ 1-0


[Site "https://www.chess.com"]

[Event "Titled Tuesday Blitz February 01 A 2022"]
[White "Szpar, Milosz"]
[Black "Willow, Jonah B"]
[WhiteFideId "1184989"]
[BlackFideId "438804"]
[WhiteElo "2447"]
[BlackElo "2261"]
[Result "1-0"]
[Round "10"]
[TimeControl "180+1"]
[Date "2022.02.01"]
[WhiteClock "0:00:39"]
[BlackClock "0:00:28"]

1. e4 c5 2. Nf3 Nc6 3. d4 cxd4 4. Nxd4 g6 5. c4 Nf6 6. Nc3 d6 7. Be2 Nxd4 8. Qxd4 Bg7 9. O-O O-O 10. Qd3 Nd7 11. Be3 Nc5 12. Qc2 Bxc3 13. Qxc3 Nxe4 14. Qd4 Nf6 15. Bf3 Re8 16. Rfd1 Qa5 17. a3 a6 18. b4 Qe5 19. h3 Rb8 20. Qh4 Bd7 21. Ba7 Rbc8 22. Bxb7 Rc7 23. Bd4 Qe6 24. Bxa6 d5 25. Bb5 dxc4 26. Re1 Qd5 27. Bxf6 Bxb5 28. Bxe7 c3 29. Bf6 c2 30. Qh6 1-0


[Site "https://www.chess.com"]

[Event "Titled Tuesday Blitz February 01 A 2022"]
[White "Terry, Renato"]
[Black "Wong, Yinn Long"]
[WhiteFideId "3803457"]
[BlackFideId "5707684"]
[WhiteElo "2577"]
[BlackElo "2055"]
[Result "1-0"]
[Round "10"]
[TimeControl "180+1"]
[Date "2022.02.01"]
[WhiteClock "0:00:04"]
[BlackClock "0:00:03"]

1. d4 Nf6 2. Bg5 c5 3. Bxf6 exf6 4. dxc5 Bxc5 5. e3 d5 6. c3 O-O 7. Nf3 Nc6 8. Be2 Be6 9. Nbd2 Qd7 10. Nb3 Bb6 11. O-O Rfe8 12. Nbd4 Rad8 13. Qd2 a6 14. Rfd1 Ne5 15. Rac1 Bc7 16. Qc2 Qc8 17. Qb3 Bb8 18. a4 Bd7 19. Ra1 Nc4 20. Qc2 Qc7 21. g3 Nd6 22. Nd2 Bc8 23. Bf3 Nc4 24. Ne2 Ne5 25. Bg2 Ba7 26. Rac1 Bg4 27. Re1 Bd7 28. Nf4 Bc6 29. b3 Ng4 30. Nf3 Nxe3 31. fxe3 Bxe3+ 32. Rxe3 Rxe3 33. Qd2 Rde8 34. Nd4 Qb6 35. Bxd5 R3e5 36. Bxc6 bxc6 37. b4 c5 38. bxc5 Qxc5 39. Rf1 Re4 40. Rf2 Qc4 41. Kg2 Qxa4 42. Nf5 R4e5 43. Nd4 Qc4 44. Qd3 Qxd3 45. Nxd3 Re3 46. Rd2 a5 47. Kf2 R3e4 48. Ra2 Rc8 49. Rxa5 g6 50. Ra3 Kg7 51. Ne1 Re7 52. Nef3 Rec7 53. Ne2 Rd7 54. Nfd4 Re8 55. Kf3 h6 56. Kf2 Rde7 57. Ra6 Rc7 58. Rd6 Rec8 59. g4 Rb8 60. h3 Re8 61. Rd5 Rce7 62. Rb5 Re3 63. h4 Rh3 64. h5 Rh2+ 65. Kf3 Rh3+ 66. Kg2 Rhe3 67. Kf2 R3e4 68. Kf3 Re3+ 69. Kf2 R8e7 70. hxg6 fxg6 71. Rc5 R3e4 72. Kf3 Re3+ 73. Kf2 Rd3 74. Nf4 Rd2+ 75. Kf3 Kf7 76. Nd5 Rd7 77. Ne3 Rd3 78. Ke2 R3xd4 79. cxd4 Rxd4 80. Rc7+ Ke6 81. Rc6+ Kf7 82. Ra6 Rd7 83. Kf3 Kg7 84. Ng2 Rd3+ 85. Ke2 Rg3 86. Ne3 Rh3 87. Ra7+ Kf8 88. Kf2 h5 89. gxh5 Rxh5 90. Kf3 Kg8 91. Ng4 Rf5+ 92. Ke4 Kf8 93. Ra8+ Ke7 94. Ra7+ Ke8 95. Ne3 Re5+ 96. Kd4 Kf8 97. Nd5 Rf5 98. Ke4 Re5+ 99. Kd4 Rf5 100. Nc7 Ke7 101. Rb7 Rf1 102. Nd5+ Ke6 103. Rb6+ Kf7 104. Ra6 Rd1+ 105. Ke4 Re1+ 106. Kf4 Rf1+ 107. Kg3 Kg7 108. Ne3 Re1 109. Ng4 Rg1+ 110. Kf3 Rf1+ 111. Kg2 Rf5 112. Ra7+ Kf8 113. Kg3 Rg5 114. Kf3 Rf5+ 115. Ke3 Ke8 116. Rg7 Rg5 117. Nxf6+ Kf8 118. Ra7 Rf5 119. Ne4 Rf7 120. Ra8+ Kg7 121. Ra6 Rf8 122. Ng5 Re8+ 123. Kf4 Rf8+ 124. Kg4 Rc8 125. Ra7+ Kg8 126. Ne4 Rc4 127. Kf4 Kf8 128. Ke5 Rc5+ 129. Nxc5 g5 130. Kf6 1-0


[Site "https://www.chess.com"]

[Event "Titled Tuesday Blitz February 01 A 2022"]
[White "Xiong, Jeffery"]
[Black "Onyshchuk, Volodymyr"]
[WhiteFideId "2047640"]
[BlackFideId "14114038"]
[WhiteElo "2727"]
[BlackElo "2642"]
[Result "1-0"]
[Round "10"]
[TimeControl "180+1"]
[Date "2022.02.01"]
[WhiteClock "0:00:05"]
[BlackClock "0:00:55"]

1. d4 g6 2. Nf3 Bg7 3. e4 d6 4. Be3 a6 5. c4 Nd7 6. Nc3 e5 7. Be2 Ngf6 8. O-O O-O 9. Re1 h6 10. h3 exd4 11. Nxd4 Re8 12. Qc2 Nc5 13. Bf3 Nfd7 14. b4 Ne6 15. Nxe6 Rxe6 16. Rad1 Ne5 17. Be2 Nc6 18. a3 Re8 19. c5 Be6 20. Qd2 g5 21. Qc1 Qe7 22. Bf1 Rad8 23. Nd5 Bxd5 24. exd5 Ne5 25. c6 b5 26. a4 bxa4 27. Bxa6 f5 28. b5 f4 29. Bd4 Ra8 30. Bb7 Ra5 31. b6 Rxd5 32. Bxe5 Rxd1 33. Qxd1 Bxe5 34. Qxa4 Rf8 35. Ba6 cxb6 36. Qc4+ Rf7 37. Bc8 b5 38. Qxb5 Kg7 39. Qd5 f3 40. Rb1 Qf6 41. Rb7 Rxb7 42. cxb7 Qf4 43. gxf3 Qh2+ 44. Kf1 Qh1+ 45. Ke2 Qb1 46. Bf5 Qb2+ 47. Kf1 Bd4 48. Bc2 Bc5 49. Qe4 Kf8 50. Qf5+ Ke7 51. Qh7+ Ke6 52. Qxh6+ Kd5 53. Qh7 Kc6 54. Ba4+ 1-0


[Site "https://www.chess.com"]

[Event "Titled Tuesday Blitz February 01 A 2022"]
[White "Zhigalko, Sergei"]
[Black "Barrientos, Sergio E"]
[WhiteFideId "13502956"]
[BlackFideId "4401824"]
[WhiteElo "2662"]
[BlackElo "2441"]
[Result "1-0"]
[Round "10"]
[TimeControl "180+1"]
[Date "2022.02.01"]
[WhiteClock "0:00:06"]
[BlackClock "0:00:34"]

1. e4 c5 2. Nf3 e6 3. c3 d5 4. e5 d4 5. Bd3 Bd7 6. O-O Bc6 7. Re1 Ne7 8. b4 b6 9. bxc5 bxc5 10. Na3 Ng6 11. cxd4 cxd4 12. Nb5 Bc5 13. Qc2 Nd7 14. Nfxd4 Bd5 15. Nb3 Bxf2+ 16. Kxf2 Qh4+ 17. Kf1 Bxg2+ 18. Kxg2 Nf4+ 19. Kf3 Qxe1 20. Kxf4 g5+ 21. Kf3 Qh1+ 22. Ke2 Qxh2+ 23. Ke3 Qxe5+ 24. Kf2 Qh2+ 25. Ke1 Qg3+ 26. Kd1 Qg4+ 27. Ke1 Ne5 28. Be4 Qg1+ 29. Ke2 Qh2+ 30. Kf1 Qf4+ 31. Kg1 Qg3+ 32. Kf1 Qf4+ 33. Ke1 Ng4 34. Qc6+ Ke7 35. Ba3+ Kf6 36. Bb2+ Ke7 37. Bf3 Qg3+ 38. Kd1 Nf2+ 39. Ke2 Rhd8 40. Qc7+ Qxc7 41. Nxc7 Nd3 42. Nxa8 Nf4+ 43. Ke3 Rd3+ 44. Kf2 f5 45. Ba3+ Kf6 46. Nc7 g4 47. Bh1 g3+ 48. Kf1 h5 49. Re1 h4 50. Bb2+ Kg5 51. Be5 h3 52. Bxf4+ Kxf4 53. Nxe6+ Kg4 54. Nec5 Rd8 55. Ne6 f4 56. Nxd8 f3 57. Re4+ Kf5 58. Bxf3 g2+ 59. Bxg2 1-0


[Site "https://www.chess.com"]

[Event "Titled Tuesday Blitz February 01 A 2022"]
[White "Andreikin, Dmitry"]
[Black "Indjic, Aleksandar"]
[WhiteFideId "4158814"]
[BlackFideId "911925"]
[WhiteElo "2736"]
[BlackElo "2616"]
[Result "1-0"]
[Round "11"]
[TimeControl "180+1"]
[Date "2022.02.01"]
[WhiteClock "0:00:06"]
[BlackClock "0:00:06"]

1. d4 d5 2. Nf3 e6 3. Bf4 c5 4. e3 Nf6 5. Nbd2 Qb6 6. Rb1 Bd6 7. Bg3 O-O 8. c3 Nbd7 9. Bd3 Qc7 10. dxc5 Nxc5 11. Bc2 e5 12. O-O Bg4 13. h3 Bh5 14. Qc1 b5 15. Nh4 Rfe8 16. Nf5 Bf8 17. Bh2 Bg6 18. Qd1 Rad8 19. Nf3 a5 20. N3h4 Qb6 21. Qf3 Nfe4 22. Rfd1 b4 23. c4 Nf6 24. cxd5 e4 25. Qe2 a4 26. Rbc1 b3 27. axb3 axb3 28. Bb1 Nxd5 29. Nxg6 hxg6 30. Nd4 Nb4 31. Rc3 Nbd3 32. Bg3 Rd7 33. h4 Ra8 34. Bxd3 exd3 35. Qg4 Rda7 36. Kh2 Ra1 37. Rdxd3 Nxd3 38. Rxd3 Qa6 39. Qe2 Qc4 40. Rc3 Qxe2 41. Nxe2 Re1 42. Nd4 Raa1 43. Bf4 Rh1+ 44. Kg3 Rhc1 45. Rxb3 Rc8 46. Rb7 Rb1 47. b3 Bc5 48. Nf3 Bf8 49. Ne5 Bd6 50. Nxf7 Bxf4+ 51. exf4 Rc3+ 52. Kg4 Rcxb3 53. Rd7 Rb7 54. Rxb7 Rxb7 55. Ne5 Kh7 56. f3 Rb2 57. g3 Rg2 58. Kh3 Re2 59. Kg4 Rg2 60. Nf7 Kg8 61. Ng5 Kf8 62. Ne4 Kg8 63. Kg5 Kh7 64. Kg4 Rc2 65. Nd6 Kg8 66. Nb5 Kh7 67. Nd4 Rc5 68. Ne6 Ra5 69. Nd8 Kg8 70. Nc6 Rc5 71. Ne5 Kh7 72. Kg5 Ra5 73. Kg4 Rc5 74. Nd3 Rd5 75. Nf2 Rc5 76. Nh3 Rd5 77. Ng5+ Kg8 78. Ne6 Ra5 79. Nd8 Kh7 80. Nc6 Rc5 81. Ne5 Ra5 82. Kg5 Rc5 83. g4 Ra5 84. h5 gxh5 85. Kxh5 Rc5 86. Kg5 Ra5 87. Kf5 Ra6 88. g5 g6+ 89. Kg4 Kg7 90. f5 Ra5 91. f6+ Kh7 92. f4 Ra4 93. Nd7 Kg8 94. Ne5 Kh7 95. Kf3 Rb4 96. Ke3 Ra4 97. Nd7 Kg8 98. Nc5 Rc4 99. Nd3 Kh7 100. Ne5 Ra4 101. Nf3 Kg8 102. Nd4 Kf7 103. Ke4 Ra5 104. Nc6 Ra4+ 105. Ke5 Kf8 106. Nd4 Ra5+ 107. Ke6 Ra4 108. Kd5 Ra5+ 109. Kc6 Ra4 110. Kc5 Kf7 111. Kd5 Ra5+ 112. Ke4 Ra4 113. Ke3 Ra3+ 114. Ke2 Ra4 115. Kd3 Ra3+ 116. Ke4 Ra4 117. Kd5 Ra5+ 118. Kd6 Ra4 119. Nc6 Rxf4 120. Ne5+ Kg8 121. Nxg6 Rg4 122. Ke6 Re4+ 123. Ne5 Rf4 124. g6 Kh8 125. Nf7+ Kg8 126. Nh6+ Kh8 127. g7+ Kh7 128. g8=Q+ Kxh6 129. f7 Rxf7 130. Qxf7 1-0


[Site "https://www.chess.com"]

[Event "Titled Tuesday Blitz February 01 A 2022"]
[White "Arabidze, Meri"]
[Black "Dobrov, Vladimir"]
[WhiteFideId "13604040"]
[BlackFideId "4136594"]
[WhiteElo "2329"]
[BlackElo "2614"]
[Result "0-1"]
[Round "11"]
[TimeControl "180+1"]
[Date "2022.02.01"]
[WhiteClock "0:00:08"]
[BlackClock "0:00:09"]

1. d4 Nf6 2. Nf3 e6 3. c4 d5 4. g3 Bb4+ 5. Bd2 Be7 6. Bg2 O-O 7. O-O Nbd7 8. Qc2 c6 9. Bf4 Nh5 10. Bc1 Nhf6 11. b3 b6 12. Bb2 Ba6 13. Rd1 Rc8 14. Nc3 Rc7 15. Nd2 b5 16. c5 b4 17. Na4 Bxe2 18. Re1 Bb5 19. Nf3 Re8 20. Bc1 Ne4 21. Nd2 Nxd2 22. Bxd2 Rb7 23. f4 g6 24. Nb2 Bf6 25. Be3 a5 26. a3 bxa3 27. Rxa3 Ra7 28. Rea1 Qc7 29. Bf1 Bxf1 30. Kxf1 Rb8 31. Qc3 Rb5 32. Kf2 Nxc5 33. Kf3 Ne4 34. Qd3 Qb6 35. Na4 Qb7 36. R1a2 h5 37. h3 c5 38. dxc5 Qc6 39. Bd4 Bxd4 40. Qxd4 Rb4 41. Qe3 Rab7 42. g4 h4 43. g5 e5 44. fxe5 Qe6 45. Kg2 Qf5 46. c6 Rc7 47. Ra1 Rxc6 48. R3a2 Qxe5 49. Rf1 Qxg5+ 50. Qxg5 Nxg5 51. Rd2 Rxb3 52. Rxd5 Rc2+ 53. Rf2 Rg3+ 54. Kf1 Rxf2+ 55. Kxf2 Nxh3+ 56. Ke2 Nf4+ 0-1


[Site "https://www.chess.com"]

[Event "Titled Tuesday Blitz February 01 A 2022"]
[White "Atakhan, Abtin"]
[Black "Rustemov, Alexander"]
[WhiteFideId "22502203"]
[BlackFideId "4119002"]
[WhiteElo "2119"]
[BlackElo "2790"]
[Result "0-1"]
[Round "11"]
[TimeControl "180+1"]
[Date "2022.02.01"]
[WhiteClock "0:00:01"]
[BlackClock "0:00:17"]

1. d4 d5 2. Nf3 Nf6 3. g3 Bf5 4. Bg2 e6 5. c4 c6 6. Nc3 Nbd7 7. Qb3 Qb6 8. c5 Qxb3 9. axb3 a6 10. b4 Rc8 11. h3 h6 12. g4 Bh7 13. Bf4 Be7 14. Nd2 Bd8 15. Nb3 Bc7 16. Bxc7 Rxc7 17. e3 e5 18. f4 exf4 19. exf4 O-O 20. Kf2 Ne4+ 21. Bxe4 Bxe4 22. Nxe4 dxe4 23. g5 hxg5 24. fxg5 f5 25. Nd2 Re8 26. Ke3 Nf8 27. Raf1 g6 28. Nc4 Ne6 29. Nd6 Rf8 30. h4 Rh7 31. h5 Nc7 32. hxg6 Nd5+ 33. Ke2 Rxh1 34. Rxh1 Kg7 35. Rh6 Nf4+ 36. Ke3 Nxg6 37. Rh1 Ne7 38. Kf4 Nd5+ 39. Ke5 e3 40. Nxf5+ Kg6 41. Nd6 Kxg5 42. Rg1+ Kh4 43. Nf5+ Kh3 44. Ke4 Rxf5 45. Kxf5 Kh2 46. Re1 Kg2 47. Ke4 Kf2 48. Rh1 e2 49. Rh2+ Kf1 50. Kf3 e1=N+ 51. Ke4 Nxb4 52. Kf5 Ned3 53. Rh7 Nxb2 54. Rxb7 N2d3 55. Ke6 Ke2 56. Kd6 Ke3 57. Ra7 Kxd4 58. Rxa6 Nxa6 59. Kxc6 Ndb4+ 0-1


[Site "https://www.chess.com"]

[Event "Titled Tuesday Blitz February 01 A 2022"]
[White "Barrientos, Sergio E"]
[Black "Ambartsumova, Karina"]
[WhiteFideId "4401824"]
[BlackFideId "4166299"]
[WhiteElo "2441"]
[BlackElo "2262"]
[Result "0-1"]
[Round "11"]
[TimeControl "180+1"]
[Date "2022.02.01"]
[WhiteClock "0:00:52"]
[BlackClock "0:00:39"]

1. d4 Nf6 2. c4 e6 3. Nf3 d5 4. Nc3 Bb4 5. cxd5 exd5 6. Bg5 h6 7. Bh4 g5 8. Bg3 Ne4 9. Rc1 Nc6 10. e3 h5 11. h4 Nxg3 12. fxg3 g4 13. Nd2 Bd6 14. Ne2 Qe7 15. Kf2 Bf5 16. Nf4 O-O-O 17. Rxc6 bxc6 18. Qa4 Bxf4 19. exf4 Rhe8 20. Ba6+ Kd7 21. Qa3 Qxa3 22. bxa3 Bc2 23. Rc1 Ba4 24. Nb3 Bxb3 25. axb3 Re4 26. Rd1 Rde8 27. Bd3 Re3 28. b4 Kd6 29. Rd2 Re1 30. a4 Ra1 31. a5 Rb8 32. Rb2 Ra4 33. b5 cxb5 0-1


[Site "https://www.chess.com"]

[Event "Titled Tuesday Blitz February 01 A 2022"]
[White "Caruana, Fabiano"]
[Black "Narayanan.S.L"]
[WhiteFideId "2020009"]
[BlackFideId "5058422"]
[WhiteElo "2744"]
[BlackElo "2494"]
[Result "1-0"]
[Round "11"]
[TimeControl "180+1"]
[Date "2022.02.01"]
[WhiteClock "0:01:14"]
[BlackClock "0:00:30"]

1. e4 c5 2. Nf3 d6 3. Bb5+ Nd7 4. O-O a6 5. Bd3 Ngf6 6. Re1 b6 7. c3 Bb7 8. Bc2 e5 9. d4 Be7 10. d5 O-O 11. c4 g6 12. Nc3 Nh5 13. Rb1 Ng7 14. b4 cxb4 15. Rxb4 Qc7 16. Be3 Rab8 17. Qe2 f5 18. Reb1 b5 19. a4 f4 20. Bd2 bxc4 21. Qxc4 Qxc4 22. Rxc4 Rfc8 23. Rxb7 Rxc4 24. Rxd7 Bd8 25. Bd3 Rc5 26. Rxd6 Ba5 27. Rc6 Rxc6 28. dxc6 Kf8 29. Nd5 Bxd2 30. c7 Re8 31. Bxa6 1-0


[Site "https://www.chess.com"]

[Event "Titled Tuesday Blitz February 01 A 2022"]
[White "Daneshvar, Bardiya"]
[Black "Corrales Jimenez, Fidel"]
[WhiteFideId "12576468"]
[BlackFideId "3506690"]
[WhiteElo "2295"]
[BlackElo "2541"]
[Result "1-0"]
[Round "11"]
[TimeControl "180+1"]
[Date "2022.02.01"]
[WhiteClock "0:00:12"]
[BlackClock "0:00:15"]

1. d4 Nf6 2. c4 g6 3. Nc3 d5 4. Bf4 Bg7 5. e3 O-O 6. cxd5 Nxd5 7. Nxd5 Qxd5 8. Bxc7 Nc6 9. Ne2 Bg4 10. f3 Rac8 11. Bf4 Bd7 12. e4 Qa5+ 13. Bd2 Qb6 14. Bc3 Rfd8 15. d5 Ne5 16. Nd4 e6 17. Qb3 Qc5 18. Be2 exd5 19. Qxd5 Qe7 20. Qxb7 Qh4+ 21. g3 Qh3 22. Bf1 Qh5 23. Be2 Bh3 24. Qxa7 Rxd4 25. Qxd4 Bg2 26. O-O-O Bxh1 27. Rxh1 Qh3 28. Kb1 Qg2 29. Qd1 Qf2 30. Qe1 Qb6 31. Qd2 h5 32. Rc1 Rd8 33. Qc2 Rb8 34. f4 Nc6 35. Bxg7 Kxg7 36. Qc3+ Kg8 37. Bc4 Na5 38. Bd5 Nb7 39. Qc6 Nd6 40. Qxb6 Rxb6 41. b3 Nb5 42. Kb2 Nd4 43. a4 Kf8 44. a5 Rb5 45. Ra1 Rc5 46. a6 Rc2+ 47. Ka3 f5 48. a7 Nb5+ 49. Kb4 Nxa7 50. Rxa7 Rxh2 51. exf5 gxf5 52. Rf7+ Ke8 53. Rxf5 h4 54. gxh4 Rxh4 55. Kc5 Ke7 56. Kd4 Kd7 57. Ke5 Kc7 58. Rf7+ Kb6 59. f5 Kc5 60. f6 Kb4 61. Rb7+ Kc3 62. f7 Rh7 63. Be6 Rh5+ 64. Kd6 Rh8 65. Re7 Rb8 66. Re8 Rb6+ 67. Ke7 Rb7+ 68. Kf6 Rb4 69. f8=Q Rf4+ 70. Bf5 1-0


[Site "https://www.chess.com"]

[Event "Titled Tuesday Blitz February 01 A 2022"]
[White "Goryachkina, Aleksandra"]
[Black "Demchenko, Anton"]
[WhiteFideId "4147103"]
[BlackFideId "4160258"]
[WhiteElo "2426"]
[BlackElo "2539"]
[Result "0-1"]
[Round "11"]
[TimeControl "180+1"]
[Date "2022.02.01"]
[WhiteClock "0:00:12"]
[BlackClock "0:01:42"]

1. e4 e5 2. Nf3 Nc6 3. d4 exd4 4. Nxd4 Bc5 5. Nb3 Bb6 6. Nc3 d6 7. a4 a6 8. Bd3 Be6 9. O-O Nf6 10. h3 h6 11. Bf4 g5 12. Be3 Bxe3 13. fxe3 g4 14. h4 Nh5 15. Nd4 Nxd4 16. exd4 Qxh4 17. d5 g3 18. Rf3 Bg4 0-1


[Site "https://www.chess.com"]

[Event "Titled Tuesday Blitz February 01 A 2022"]
[White "Hansen, Eric"]
[Black "Deac, Bogdan-Daniel"]
[WhiteFideId "2606771"]
[BlackFideId "1226380"]
[WhiteElo "2568"]
[BlackElo "2646"]
[Result "1-0"]
[Round "11"]
[TimeControl "180+1"]
[Date "2022.02.01"]
[WhiteClock "0:00:07"]
[BlackClock "0:00:04"]

1. e4 e5 2. Nf3 Nc6 3. Bb5 Nf6 4. d3 Bc5 5. c3 O-O 6. O-O Re8 7. Re1 a6 8. Bxc6 dxc6 9. h3 Nd7 10. d4 exd4 11. cxd4 Bf8 12. Bg5 f6 13. Bf4 c5 14. Qc2 c6 15. Nc3 cxd4 16. Nxd4 Ne5 17. Rad1 Qe7 18. Na4 Rb8 19. Nb6 Be6 20. Bxe5 fxe5 21. Nxe6 Qxe6 22. Rd7 c5 23. Qb3 Qxb3 24. axb3 Re6 25. Nc4 b5 26. Ne3 Rd6 27. Rxd6 Bxd6 28. Rd1 Rb6 29. Nf5 Bf8 30. Rd8 Kf7 31. Rc8 c4 32. bxc4 bxc4 33. Rxc4 Rxb2 34. Rc7+ Kg8 35. Rc8 Kf7 36. Rc7+ Kg8 37. g3 a5 38. Ra7 Ra2 39. Ra8 Kf7 40. Ra7+ Kg8 41. Ra8 a4 42. Nd6 a3 43. Nc4 Re2 44. Nxa3 Ra2 45. Ra5 Rxa3 46. Rxe5 Ra2 47. Rf5 g6 48. Rf3 Bc5 49. Kf1 Bd4 50. h4 Kg7 51. Rf4 h6 52. Rf3 Be5 53. Rd3 Ra4 54. f4 Bd4 55. Ke2 Kf6 56. Kf3 Ke6 57. Rb3 Rc4 58. Kg4 Kf6 59. h5 Bc5 60. e5+ Kf7 61. Rb7+ Ke6 62. hxg6 Bf2 63. g7 Rc8 64. f5+ Kxe5 65. Rf7 Rg8 66. Kh5 Bxg3 67. Kg6 Bf4 68. f6 h5 69. Rf8 Rxg7+ 70. fxg7 h4 71. g8=Q h3 72. Re8+ 1-0


[Site "https://www.chess.com"]

[Event "Titled Tuesday Blitz February 01 A 2022"]
[White "Dronavalli, Harika"]
[Black "Shirov, Alexei"]
[WhiteFideId "5015197"]
[BlackFideId "2209390"]
[WhiteElo "2382"]
[BlackElo "2645"]
[Result "1/2-1/2"]
[Round "11"]
[TimeControl "180+1"]
[Date "2022.02.01"]
[WhiteClock "0:00:16"]
[BlackClock "0:00:21"]

1. d4 d5 2. c4 c6 3. Nc3 Nf6 4. e3 Nbd7 5. Nf3 e6 6. Qc2 Bd6 7. b3 O-O 8. Be2 b6 9. Bb2 Bb7 10. O-O Qe7 11. Rfe1 Rad8 12. e4 Nxe4 13. Nxe4 dxe4 14. Qxe4 Nf6 15. Qh4 Ba3 16. Bc3 Bb4 17. Bxb4 Qxb4 18. Qg5 c5 19. dxc5 Ne4 20. Qe3 Nxc5 21. Bf1 a5 22. Reb1 Bxf3 23. Qxf3 Qa3 24. Qc6 Rb8 25. Qb5 g6 26. b4 axb4 27. Qxb4 Qa7 28. a4 Rfd8 29. h3 Qc7 30. Qe1 Ra8 31. Rb4 Ra6 32. Qb1 Rda8 33. Qc2 Qc6 34. Rab1 Nxa4 35. c5 Ra5 36. Bb5 Qxc5 37. Bxa4 Rxa4 38. Qxa4 Rxa4 39. Rxa4 Kg7 40. Rab4 h5 41. Rxb6 Qd4 42. R6b5 Qf4 43. R5b4 Qf6 44. R4b3 Qd4 45. Rf3 Qd5 46. Rc1 Qe5 47. Rd1 Qb5 48. Rfd3 g5 49. Rd4 Kg6 50. R4d2 Qb4 51. Rc2 Qe4 52. Rcd2 g4 53. Rd4 Qf5 54. hxg4 hxg4 55. Rb4 Qg5 56. Rbd4 g3 57. fxg3 Qxg3 58. R4d3 Qe5 59. Kf2 Qc5+ 60. Kf1 f5 61. Rd6 Qc4+ 62. Kf2 Kf6 63. R1d2 Qc5+ 64. Kf1 Ke5 65. Rd8 Qc4+ 66. Kf2 Qc5+ 67. Kf1 Kf4 68. R2d4+ Kg5 69. Rd3 e5 70. R3d5 Qc4+ 71. Kf2 Qc2+ 72. Kf1 Qc1+ 73. Kf2 Qf4+ 74. Ke2 Qe4+ 75. Kf2 Kf4 76. Rd3 Qc4 77. Rf3+ Kg5 78. Rg8+ Kf6 79. Rf8+ Ke7 80. R3xf5 Qd4+ 81. Kf1 Qd3+ 82. Kf2 Qd4+ 83. Kg3 Qe3+ 84. Rf3 Qg5+ 85. Kh2 Qh6+ 86. Kg1 Qxf8 87. Rxf8 Kxf8 88. Kf2 Kg7 1/2-1/2


[Site "https://www.chess.com"]

[Event "Titled Tuesday Blitz February 01 A 2022"]
[White "Iskusnyh, Sergei"]
[Black "Kamsky, Gata"]
[WhiteFideId "4120027"]
[BlackFideId "2000024"]
[WhiteElo "2492"]
[BlackElo "2645"]
[Result "0-1"]
[Round "11"]
[TimeControl "180+1"]
[Date "2022.02.01"]
[WhiteClock "0:00:09"]
[BlackClock "0:00:14"]

1. d4 d5 2. c4 c6 3. Nf3 Nf6 4. e3 a6 5. Bd3 dxc4 6. Bxc4 e6 7. O-O c5 8. Nc3 b5 9. Be2 Bb7 10. dxc5 Qxd1 11. Rxd1 Bxc5 12. Nd2 Nbd7 13. Nb3 Bb6 14. a4 b4 15. a5 Ba7 16. Na4 Bd5 17. Nd4 O-O 18. Bd2 Rfb8 19. Rdc1 Ne4 20. Be1 Nec5 21. Nxc5 Bxc5 22. Bc4 Bxd4 23. exd4 Nf6 24. Be2 Ne4 25. f3 Nd6 26. Rc5 Nf5 27. Bf2 f6 28. Rac1 Ne7 29. Rc7 Rc8 30. R1c5 Rxc7 31. Rxc7 Nc6 32. h4 Nxa5 33. g4 h6 34. g5 hxg5 35. hxg5 fxg5 36. Be3 Nc6 37. Kf2 a5 38. Bb5 Nd8 39. Ba4 Nf7 40. Kg3 Rf8 41. Bd1 a4 42. Ra7 Nd6 43. Rxa4 Nc4 44. Bc1 b3 45. Ra7 Rf5 46. Bxb3 Rxf3+ 47. Kg4 Rxb3 48. Kxg5 Nxb2 49. Bf4 Nd3 50. Kg6 Nxf4+ 0-1


[Site "https://www.chess.com"]